 Seeded DCSS version 0.30.0-5-g1a98f26d00 (webtiles) character file.

Game seed: 2 (custom seed)

39 Kazon the Conjurer (level 3, -5/27 HPs)
             Began as a Draconian Conjurer on May 9, 2023.
             Was a Follower of Fedhas.
             Slain by Natasha (8 damage)
             ... on level 2 of the Dungeon.
             The game lasted 00:05:27 (1352 turns).

Kazon the Conjurer (Draconian Conjurer)             Turns: 1352, Time: 00:05:29

Health: -5/27      AC:  5    Str: 16    XL:     3   Next: 26%
Magic:  1/6        EV: 12    Int: 21    God:    Fedhas [*.....]
Gold:   62         SH:  5    Dex:  9    Spells: 3/6 levels left

rFire   . . .        d - +0 dagger
rCold   . . .        (no shield)
rNeg    + . .        (body armour unavailable)
rPois   .            (helmet restricted)
rElec   .            (no cloak)
rCorr   .            (no gloves)
SInv    .            (no boots)
Will    .....        h - amulet "Faechah" {Reflect rN+ Str+5 Int+3 SH+5 Stlth-}
Stlth   +            (no ring)
HPRegen 0.24/turn    (no ring)
MPRegen 0.10/turn

%: reflection
@: slowed, very slow
A: AC +5, unfitting armour, cold-blooded
a: Renounce Religion


You were on level 2 of the Dungeon.
You worshipped Fedhas.
Fedhas was aware of your devotion.
You visited 1 branch of the dungeon, and saw 2 of its levels.

You collected 62 gold pieces.

Inventory:

Hand Weapons
 d - a +0 dagger (weapon)
Missiles
 g - 11 poisoned darts
 j - 11 stones
Jewellery
 h - the amulet "Faechah" (around neck) {Reflect rN+ Str+5 Int+3 SH+5 Stlth-}
   (You acquired it on level 1 of the Dungeon)

   [amulet of reflection]

   It reflects blocked missile attacks.
   Str:       It affects your strength (+5).
   Int:       It affects your intelligence (+3).
   rN:        It protects you from negative energy.
   SH:        It affects your SH (+5).
   Stlth:     It makes you less stealthy.
Scrolls
 i - a scroll of identify {unknown}
 l - a scroll of magic mapping
Potions
 a - a potion of magic
 b - a potion of heal wounds {unknown}
 c - 2 potions of might {unknown}
 e - a potion of lignification {unknown}
 f - a potion of flight {unknown}
 k - a potion of attraction {unknown}


   Skills:
 + Level 0.4 Fighting
 + Level 0.4 Short Blades
 + Level 1.8 Dodging
 + Level 1.8 Stealth
 + Level 2.2 Spellcasting
 + Level 4.7 Conjurations
 * Level 0.3 Invocations


You had 3 spell levels left.
You knew the following spells:

 Your Spells              Type           Power      Damage    Failure   Level
a - Magic Dart            Conj           88%        1d7       1%          1
b - Searing Ray           Conj           44%        2d6       3%          2

Your spell library contained the following spells:

 Spells                   Type           Power      Damage    Failure   Level
 Sting                    Tmut/Pois      8%         1d3       14%         1
 Dazzling Flash           Conj/Hex       24%        N/A       16%         3
 Fulminant Prism          Conj/Hex       6%         3d7       47%         4
 Iskenderun's Mystic Bla  Conj/Tloc      12%        2d5       47%         4


Dungeon Overview and Level Annotations

Branches:
Dungeon (2/15)

Altars:
Fedhas
Trog

Annotations:
D:2 Natasha


Innate Abilities, Weirdness & Mutations

Your plain brown scales are hard. (AC +5)
You cannot fit into any form of body armour.
You are cold-blooded and may be slowed by cold attacks.


Message History

The searing ray hits the worm!
The worm is severely wounded.
The cerulean imp closely misses you.
The searing ray hits the cerulean imp.
The cerulean imp is heavily wounded.
The searing ray hits the cerulean imp.
The cerulean imp is almost dead.
The searing ray hits the worm!
You kill the worm!
Fedhas appreciates your contribution to the ecosystem.
The cerulean imp disappears in a puff of smoke!
The cerulean imp hits you but does no damage.
Without enough magic to sustain it, your searing ray dissipates.
You block the cerulean imp's attack.
Unknown command.
The cerulean imp hits you but does no damage.
The cerulean imp disappears in a puff of smoke!
Your magical contamination has completely faded away.
Natasha stares at you and mumbles some strange words.
You feel yourself slow down.
There is a stone staircase leading up here.
You hit Natasha.
Natasha is lightly wounded.
Natasha claws you.
* * * LOW HITPOINT WARNING * * *
Natasha barely misses you.
You barely miss Natasha.
Your tail-slap misses Natasha.
Natasha is lightly wounded.
The hobgoblin barely misses you. You block Natasha's attack.
You hit Natasha.
Natasha is lightly wounded.
The hobgoblin barely misses you. Natasha barely misses you.
You hit Natasha. You tail-slap Natasha.
Natasha is moderately wounded.
The hobgoblin hits you but does no damage.
Natasha barely misses you.
The hobgoblin hits you but does no damage.
Natasha claws you!
You die...
Fedhas appreciates your contribution to the ecosystem.

.. .# ##.# #..# .#
###<# .#####
#...#####..<...
##.###.......).#
###.<# #........#
#...@# #.......##
#..gh###h.......#
#....#†.5g....#.##
#.....†###........
#....#####.#.##...
#....####.w#.####.
#....##...##5.....
#....##..h..###
###########h..##


You could see Natasha and a hobgoblin.

Vanquished Creatures
  A worm (D:2)
  2 dart slugs (D:1)
  2 ball pythons
  An endoplasm (D:1)
  4 giant cockroaches
  2 goblins (D:1)
  3 hobgoblins (D:1)
  3 kobolds (D:1)
  4 quokkas (D:1)
  2 bats (D:1)
  A frilled lizard (D:1)
  2 rats (D:1)
27 creatures vanquished.

Notes
Turn   | Place    | Note
-------+----------+-------------------------------------------
     0 | D:1      | Kazon the Draconian Conjurer began the quest for the Orb.
     0 | D:1      | Reached XP level 1. HP: 14/14 MP: 3/3
   228 | D:1      | Reached XP level 2. HP: 20/20 MP: 3/5
   248 | D:1      | Found a faded altar of an unknown god.
   276 | D:1      | Got Plato's Compilation of Poisoning
   277 | D:1      | Prayed at the altar of an unknown god.
   277 | D:1      | Became a worshipper of Fedhas Madash
   277 | D:1      | Reached * piety under Fedhas
   476 | D:1      | Identified a scroll of acquirement
   476 | D:1      | Acquired the amulet "Faechah" {Reflect rN+ Str+5 Int+3 SH+5
                  | Stlth-}
   670 | D:1      | Reached XP level 3. HP: 25/26 MP: 0/6
  1198 | D:1      | Found a bloodstained altar of Trog.
  1239 | D:2      | Noticed Natasha
  1267 | D:1      | Learned a level 2 spell: Searing Ray
  1338 | D:2      | HP: 1/27 [cerulean imp/+0 spear[Natasha] (1)]
  1352 | D:2      | Slain by Natasha

Illustrated notes

Levels and vault maps discovered:
D:1:      dpeg_arrival_lava_altar, layout_basic,
          shapermc_ecumenical_altar_rom_forum
D:2:      layout_rooms, solitary_fountain, minmay_tromino_v4_a, uniq_natasha

Action                     || total
---------------------------++-------
  Melee: Unarmed           ||     2
         Dagger            ||    78
         Tailslap          ||    11
   Cast: Magic Dart        ||    30
         Searing Ray       ||     1
    Use: Scroll            ||     2
   Stab: Sleeping          ||     1
 Armour: Skin              ||    29
  Dodge: Dodged            ||    65
  Block: Other             ||    18
